 Dungeon Crawl Stone Soup version 0.22-a0-467-g5c5de1c (webtiles) character file.

364 nikopol the Magician (level 6, 0/32 HPs)
             Began as a Deep Elf Fire Elementalist on June 10, 2018.
             Slain by a centaur (9 damage)
             ... on level 5 of the Dungeon.
             The game lasted 00:12:31 (4369 turns).

nikopol the Magician (Deep Elf Fire Elementalist)   Turns: 4369, Time: 00:12:33

Health: 0/32       AC:  3    Str:  5    XL:     6   Next: 39%
Magic:  16/16      EV: 17    Int: 22    God:
Gold:   93         SH:  0    Dex: 15    Spells: 6/16 levels left

rFire    . . .     SeeInvis .   (no weapon)
rCold    . . .     Gourm    .   (no shield)
rNeg     . . .     Faith    .   a - +0 robe
rPois    .         Spirit   .   (no helmet)
rElec    .         Reflect  .   (no cloak)
rCorr    .         Harm     .   h - +0 pair of gloves
MR       .....                  (no boots)
Stlth    ++........             (no amulet)
HPRegen  0.10/turn              m - +4 ring of evasion
MPRegen  0.15/turn              (no ring)

@: no status effects
A: no striking features
a: no special abilities


You were on level 5 of the Dungeon.
You were hungry.

You visited 1 branch of the dungeon, and saw 5 of its levels.

You collected 253 gold pieces.
You spent 160 gold pieces at shops.

Inventory:

Armour
 a - a +0 robe (worn)
 h - a +0 pair of gloves (worn)
Jewellery
 m - a +4 ring of evasion (left hand)
Scrolls
 b - 7 scrolls of identify {unknown}
 f - a scroll of random uselessness {unknown}
 g - a scroll of enchant weapon {unknown}
 i - 3 scrolls of amnesia {unknown}
 l - 2 scrolls of immolation {unknown}
 n - 4 scrolls of remove curse {unknown}
 o - a scroll of fear {unknown}
 s - 2 scrolls of magic mapping {unknown}
 t - a scroll of teleportation {unknown}
Potions
 d - 3 potions of might {unknown}
 e - a potion of mutation {unknown}
 j - 2 potions of haste {unknown}
 k - 4 potions of brilliance {unknown}
 p - a potion of lignification {unknown}
 q - a potion of cancellation {unknown}
 r - 3 potions of curing
 u - a potion of ambrosia {unknown}
 v - 2 potions of heal wounds
Comestibles
 c - 9 rations


   Skills:
 + Level 0.2 Fighting
 + Level 2.8 Dodging
 + Level 3.2 Stealth
 + Level 5.6 Spellcasting
 + Level 3.3 Conjurations
 + Level 5.4 Fire Magic


You had 6 spell levels left.
You knew the following spells:

 Your Spells              Type           Power        Failure   Level  Hunger
a - Flame Tongue          Conj/Fire      ####.        1%          1    None
b - Throw Flame           Conj/Fire      ####..       2%          2    None
c - Conjure Flame         Conj/Fire      ####....     4%          3    ##.....
d - Sticky Flame          Conj/Fire      ####....     16%         4    ####...

Your spell library contained the following spells:

 Spells                   Type           Power        Failure   Level  Hunger
 Fireball                 Conj/Fire      ####......   41%         5    #####..
 Inner Flame              Hex/Fire       ###.....     10%         3    ##.....


Dungeon Overview and Level Annotations

Branches:
Dungeon (5/15)
 Temple: D:4-7

Altars:
Kikubaaqudgha
Xom

Shops:
D:4 !


Message History

The crimson imp laughs crazily.
The crimson imp blinks!
The crimson imp blinks!
The crimson imp grins evilly.
The crimson imp blinks!
You open the door.
There is an open door here.
Found 15 gold pieces.
A centaur comes into view.
You see here 15 gold pieces.
The centaur shouts!
The centaur wields a shortbow.
The centaur shoots an arrow.
The arrow hits you!
Ouch! That really hurt!
You see here an arrow.
You barely miss the centaur.
The centaur unwields an uncursed shortbow.
The centaur hits you.
* * * LOW HITPOINT WARNING * * *
The crimson imp blinks!
The centaur hits you!
You die...

###
##.#######.#####
......c@.......#
##.#####(.$..#.
## ##...## ..
##.## #. #ยง####
#. #. #....## #.
#.# ##+._..#
####. #.#
##......# #....
#.### ##.......#
#....


You could see a centaur.

Vanquished Creatures
  A big kobold (D:3)
  A scorpion (D:4)
  2 worker ants
  A hound skeleton (D:5)
  6 adders
  A shadow imp (D:5)
  2 oozes
  An adder skeleton (D:4)
  2 worms (D:2)
  2 dart slugs
  A leopard gecko (D:1)
  2 orcs
  5 bats
  6 giant cockroaches
  9 goblins
  15 hobgoblins
  8 jackals
  2 quokkas
  3 ball pythons
  3 frilled lizards
  11 kobolds
  A quokka skeleton (D:3)
  14 rats
99 creatures vanquished.

Vanquished Creatures (others)
  A human (D:2)
1 creature vanquished.

Grand Total: 100 creatures vanquished

Notes
Turn   | Place    | Note
-------+----------+-------------------------------------------
     0 | D:1      | nikopol the Deep Elf Fire Elementalist began the quest for the Orb.
     0 | D:1      | Reached XP level 1. HP: 10/10 MP: 6/6
    56 | D:1      | Reached XP level 2. HP: 14/15 MP: 0/8
   701 | D:1      | Reached XP level 3. HP: 19/19 MP: 0/9
   789 | D:1      | Learned a level 2 spell: Throw Flame
   793 | D:1      | Learned a level 3 spell: Conjure Flame
  1345 | D:2      | Reached XP level 4. HP: 24/24 MP: 4/12
  1358 | D:2      | Learned a level 4 spell: Sticky Flame
  1839 | D:2      | Found an ancient bone altar of Kikubaaqudgha.
  1839 | D:2      | Noticed a human
  1842 | D:2      | Killed a human
  2203 | D:3      | Noticed a big kobold
  2468 | D:3      | Reached XP level 5. HP: 26/28 MP: 1/14
  2516 | D:3      | Reached skill level 5 in Spellcasting
  3057 | D:4      | Reached skill level 5 in Fire Magic
  3057 | D:4      | Reached XP level 6. HP: 25/32 MP: 5/16
  3695 | D:4      | Found Haoxib's Distillery.
  3704 | D:4      | Bought 2 potions of heal wounds for 100 gold pieces
  3704 | D:4      | Bought 2 potions of curing for 60 gold pieces
  3918 | D:5      | Entered Level 5 of the Dungeon
  4056 | D:5      | Found a shimmering altar of Xom.
  4369 | D:5      | Slain by a centaur

Vault maps used:
D:1:      lemuel_arrival_lava_pool, minmay_heptomino_o4
D:2:      first_ration, tgw_kikubaaqudgha
D:4:      serial_shops, shop_statue, kennysheep_generic_room_13
D:5:      minmay_temple_entry_trees, brannock_xom_greatest_gift

Skill      XL: |  1  2  3  4  5 |
---------------+----------------+-----
Fire Magic     | 4 5 |  5.4
Spellcasting   | 4 5 |  5.6
Conjurations   | 2 3 |  3.3
Stealth        | 3 |  3.2
Fighting       | |  0.2
Dodging        | |  2.8

Action                   |  1- 3 |  4- 6 || total
-------------------------+-------+-------++-------
Melee: Unarmed           |     2 |     1 ||     3
 Cast: Flame Tongue      |    78 |   112 ||   190
       Throw Flame       |       |     9 ||     9
       Conjure Flame     |       |     1 ||     1
       Sticky Flame      |       |     5 ||     5
  Eat: Chunk             |     1 |     6 ||     7
       Ration            |       |     1 ||     1
Armor: Robe              |    10 |     6 ||    16
Dodge: Dodged            |    20 |    12 ||    32

Table legend:
 A = Spawn XP
 B = Non-spawn XP
 C = Spawn XP percentage of total XP
 D = Spawn monster count
 E = Non-spawn monster count
 F = Spawn count percentage of total count
 G = Total turns spent on level
                    A         B        C        D         E        F      G
               +---------+---------+-------+---------+---------+-------+---------
         Total |       0 |     521 |   0.0 |       0 |      99 |   0.0 |  4369
               +---------+---------+-------+---------+---------+-------+---------
           D:1 |       0 |      49 |   0.0 |       0 |      25 |   0.0 |   968
           D:2 |       0 |      87 |   0.0 |       0 |      32 |   0.0 |  1060
           D:3 |       0 |     203 |   0.0 |       0 |      28 |   0.0 |   979
           D:4 |       0 |      98 |   0.0 |       0 |       8 |   0.0 |   911
           D:5 |       0 |      84 |   0.0 |       0 |       6 |   0.0 |   451
               +---------+---------+-------+---------+---------+-------+---------
